 Dungeon Crawl Stone Soup version 0.31.0-32-g396128a36d (webtiles) character file.

Game seed: 10829810263991795371

23 TacoSundae the Ruffian (level 2, 0/14 HPs)
             Began as a Vine Stalker Shapeshifter on Apr 5, 2024.
             Slain by a gnoll
             ... wielding a +0 spear
              (3 damage)
             ... on level 1 of the Dungeon.
             The game lasted 00:01:33 (472 turns).

TacoSundae the Ruffian (Vine Stalker Shapeshifter)   Turns: 472, Time: 00:01:34

Health: 0/14       AC:  2    Str: 16    XL:     2   Next: 95%
Magic:  0/3        EV: 12    Int: 10    God:
Gold:   64         SH:  0    Dex: 13    Spells: 1/1 levels left

rFire   . .          .
                       - Unarmed
rCold   . . .        (no shield)
rNeg    . . .        a - +0 animal skin
rPois   .            (helmet currently unavailable)
rElec   .            (cloak currently unavailable)
rCorr   .            (gloves currently unavailable)
SInv    .            (boots currently unavailable)
Will    .....        (no amulet)
Stlth   +            (no ring)
HPRegen 1.02/turn    (no ring)
MPRegen 0.08/turn

%: guardian spirit
@: beast-form
A: beast (slay +1), fangs 2, regeneration 1, magic shield, antimagic bite, no
potion heal 2
a: Begin Untransformation


You were on level 1 of the Dungeon.
You were a hulking beast.
You visited 1 branch of the dungeon, and saw 1 of its levels.

You collected 64 gold pieces.

Inventory:

Missiles
 f - 6 poisoned darts (quivered)
Armour
 a - a +0 animal skin (worn)
Talismans
 c - a beast talisman
 d - a flux talisman
Scrolls
 e - 2 scrolls of identify {unknown}
Potions
 b - a potion of lignification


   Skills:
 - Level 0.8 Fighting
 - Level 1.5 Dodging
 * Level 3.7 Unarmed Combat
 + Level 3.3 Shapeshifting


You had one spell level left.
You didn't know any spells.
Your spell library was empty.

Dungeon Overview and Level Annotations

Branches:
Dungeon (1/15)

Altars:


Innate Abilities, Weirdness & Mutations

You are a hulking beast.
Your limbs bulge with bestial killing power. (Slay +1)
You have extremely sharp teeth.
Your natural rate of healing is unusually fast.
When hurt, damage is shared between your health and your magic reserves.
Your bite disrupts and absorbs the magic of your enemies.
Potions cannot restore your health.


Message History

You see here a ball python corpse.
You hit the bat.
You kill the bat!
No target in view!
No target in view!
A gnoll comes into view. It is wielding a +0 spear.
The gnoll shouts!
You hear an angry hiss.
A ball python comes into view.
You swing at nothing.
You barely miss the ball python. The ball python misses you.
The ball python closely misses you.
You closely miss the ball python. The ball python bites you.
The ball python grabs you. The ball python constricts you.
You barely miss the ball python.
The ball python bites you but does no damage.
The ball python constricts you.
You closely miss the ball python. The ball python bites you.
The ball python constricts you.
You escape the ball python's grasp.
The ball python bites you but does no damage.
The ball python grabs you. The ball python constricts you.
You escape the ball python's grasp.
The ball python attacks as it pursues you!
The ball python barely misses you. The ball python grabs you.
The ball python constricts you.
You hit the ball python.
You kill the ball python!
You open the door.
The gnoll hits you from afar with a +0 spear!
There is an open door here.
The gnoll attacks as it pursues you!
The gnoll hits you from afar with a +0 spear.
The gnoll hits you with a +0 spear.
You barely miss the gnoll. The gnoll closely misses you.
You closely miss the gnoll. Your bite misses the gnoll.
The gnoll hits you with a +0 spear.
* * * LOW HITPOINT WARNING * * *
You hit the gnoll but do no damage. Your bite misses the gnoll.
The gnoll hits you with a +0 spear.
You die...

.....g##..#..#.#
#............#.#
#######..###.#.#
#.........# #........##
#†#####†.# #.# #..#
##### ##'#####..# #...#
#..gh.....# #...# #
#.........# #...####
#.........####.......
..........#..>.+....###
#####.......#.##...###
#.#####.#..#.....# #.#
####'#####.# #..
##8.8## #.##
##.....###..#


You could see a gnoll.

Vanquished Creatures
  2 ball pythons (D:1)
  A bat (D:1)
  3 endoplasms (D:1)
  A giant cockroach (D:1)
  A goblin (D:1)
  2 hobgoblins (D:1)
  3 jackals (D:1)
  2 kobolds (D:1)
  A quokka (D:1)
  A frilled lizard (D:1)
  A rat (D:1)
18 creatures vanquished.

Notes
Turn   | Place    | Note
-------+----------+-------------------------------------------
     0 | D:1      | TacoSundae the Vine Stalker Shapeshifter began the quest
                  | for the Orb.
     0 | D:1      | Reached XP level 1. HP: 9/9 MP: 2/2
   132 | D:1      | Reached XP level 2. HP: 14/14 MP: 3/3
   472 | D:1      | Slain by a gnoll

Illustrated notes

Levels and vault maps discovered:
D:1:      roderic_crossed_star, layout_basic, dk_noncrumbling_4,
          nicolae_grassy_gnolls

Action                     || total
---------------------------++-------
  Melee: Unarmed           ||    42
         Bite              ||     4
   Stab: Sleeping          ||     1
 Armour: Animal skin       ||    26
  Dodge: Dodged            ||    24
